 Dungeon Crawl Stone Soup version 0.14.0-12-g87ee3b7 (webtiles) character file.

2890 Heini the Basher (level 9, -17/79 HPs)
             Began as a Minotaur Berserker on Apr 15, 2014.
             Was a High Priest of Trog.
             Killed from afar by Erolcha (53 damage)
             ... with a crystal spear
             ... on Level 8 of the Dungeon.
             The game lasted 00:30:45 (6710 turns).

Heini the Basher (Minotaur Berserker)               Turns: 6710, Time: 00:30:48

HP -17/79        AC 15     Str 24      XL: 9   Next: 23%
MP   4/4         EV  7     Int  4      God: Trog [*****.]
Gold 476         SH  0     Dex 11      Spells:  0 memorised,  8 levels left

rFire  . . .     SeeInvis +     q - +0,+1 flail
rCold  . . .     Clarity  .     t - +0 plate armour
rNeg   . . .     Conserve .     (no shield)
rPois  .         rCorr    .     (helmet restricted)
rElec  .         rRot     .     s - +0 cloak
SustAb . .       Spirit   .     (no gloves)
rMut   .         Warding  .     (no boots)
Saprov . . .     Stasis   .     (no amulet)
MR     .....                    (no ring)
                                j - ring of see invisible

@: exhausted, slowed, very slow, not resistant to hostile enchantments,
extremely unstealthy
A: retaliatory headbutt, horns 2
a: Burn Spellbooks, Berserk, Trog's Hand, Brothers in Arms, Renounce Religion


You were on level 8 of the Dungeon.
You worshipped Trog.
Trog was extremely pleased with you.
You were hungry.

You visited 1 branch of the dungeon, and saw 8 of its levels.
You also visited: Sewer and Ossuary.

You collected 476 gold pieces.

Inventory:

Hand weapons
 q - a +0,+1 flail (weapon)
Missiles
 m - 18 stones (quivered)
Armour
 s - a +0 cloak (worn)
 t - a +0 plate armour (worn)
Magical devices
 b - a wand of frost (17)
 o - a wand of flame (15) {unknown}
 F - a wand of digging (1)
Comestibles
 a - a rotting chunk of orc flesh
 c - 6 bread rations
 n - 5 meat rations
 E - 2 chokos
Scrolls
 l - a scroll of acquirement {unknown}
 p - 4 scrolls of teleportation
 u - 2 scrolls of blinking
 A - a scroll of recharging
 C - 3 scrolls of identify
Jewellery
 j - a ring of see invisible (left hand)
Potions
 d - 6 potions of heal wounds
 e - 9 potions of curing {unknown}
 f - a potion of degeneration {unknown}
 g - a potion of agility {unknown}
 h - 2 potions of confusion {unknown}
 i - 2 potions of berserk rage {unknown}
 k - 6 potions of brilliance
 r - a potion of lignification {unknown}
 v - a potion of might {unknown}
 w - 3 potions of invisibility {unknown}
 x - 3 potions of flight {unknown}
 z - 3 potions of paralysis {unknown}


   Skills:
 * Level 7.5 Fighting
 * Level 9.1 Maces & Flails
 * Level 9.0 Armour
 + Level 5.7 Dodging


You had 8 spell levels left.
You didn't know any spells.

Dungeon Overview and Level Annotations

Branches:
Dungeon (8/15)             Temple (0/1) D:5
   Lair: D:8-11

Altars:
Dithmenos
Elyvilon
Kikubaaqudgha
Makhleb
Vehumet

Shops:
D:7 (

Annotations:
D:8 Erolcha


Innate Abilities, Weirdness & Mutations

You reflexively headbutt those who attack you in melee.
You have a pair of horns on your head.


Message History

Erolcha is heavily wounded.
You closely miss Erolcha.
Erolcha is heavily wounded.
Erolcha hits you but does no damage.
You thump Erolcha!
Erolcha is severely wounded.
You hit Erolcha. You headbutt Erolcha.
Erolcha is almost dead.
Erolcha mumbles some strange words.
Erolcha blinks!
You see here a worker ant corpse.
You feel a strong urge to attack something.
You are no longer berserk.
Trog's vigour flows through your veins.
You are exhausted.
You feel yourself slow down.
You are feeling hungry.
Erolcha gestures at you while chanting. The crystal spear hits you!
Ouch! That really hurt!
You die...

# .# ..#
########...####
#...%.@.O......
#.#...#########
#.#...# #.#####
#.# #.# #.# #.#
##.##


You could see Erolcha.

Vanquished Creatures
  Menkaure (D:5)
  A mottled dragon (D:7)
  2 sky beasts
  3 ogres
  The ghost of Elizilla the Ruffian, an average TrMo (D:3)
  An orc warrior (D:7)
  A phantom (D:4)
  2 centaurs
  A giant frog (D:7)
  4 water moccasin zombies (Ossuary)
  A wyvern skeleton (D:6)
  A scorpion (D:6)
  4 killer bees (D:7)
  2 crimson imps (D:6)
  An orc priest (D:4)
  Crazy Yiuf (D:7)
  A giant frog skeleton (D:5)
  An orc wizard (D:7)
  Natasha (thrice) (D:6)
  7 worker ants
  2 sky beast zombies
  2 mummies (Ossuary)
  15 adders
  2 shadow imps
  4 giant mites
  7 worms
  8 adder zombies (Ossuary)
  An orc skeleton (D:4)
  2 giant geckos
  6 oozes
  14 orcs
  3 bat skeletons (D:4)
  2 bat zombies (D:4)
  8 giant cockroaches
  13 goblins
  13 hobgoblins
  15 jackals
  4 quokkas
  3 ball pythons
  15 bats
  4 giant newts
  2 gnoll zombies (Ossuary)
  A goblin skeleton (D:5)
  A goblin zombie (D:7)
  5 hobgoblin zombies
  9 kobolds
  3 kobold zombies (Ossuary)
  7 orc zombies (Ossuary)
  13 rats
  A rat zombie (D:7)
224 creatures vanquished.

Notes
Turn   | Place    | Note
--------------------------------------------------------------
     0 | D:1      | Heini, the Minotaur Berserker, began the quest for the Orb.
     0 | D:1      | Reached XP level 1. HP: 19/19 MP: 1/1
   273 | D:1      | Reached XP level 2. HP: 24/27 MP: 1/1
   301 | D:1      | Reached skill level 4 in Fighting
   601 | D:2      | Acquired Trog's second power
   615 | D:2      | Reached XP level 3. HP: 30/34 MP: 2/2
   723 | D:2      | Found a burning altar of Makhleb.
   920 | D:2      | Found a radiant altar of Vehumet.
  1137 | D:2      | Reached XP level 4. HP: 36/41 MP: 2/2
  1349 | D:3      | Noticed Elizilla's ghost (average TrMo)
  1356 | D:3      | Killed Elizilla's ghost
  1356 | D:3      | Reached skill level 5 in Fighting
  1356 | D:3      | Reached XP level 5. HP: 48/48 MP: 2/2
  1427 | D:3      | Reached skill level 5 in Maces & Flails
  1457 | D:3      | Found a shadowy altar of Dithmenos.
  1889 | D:4      | Noticed a phantom
  1916 | D:4      | Killed a phantom
  1916 | D:4      | Reached XP level 6. HP: 31/56 MP: 3/3
  2139 | D:4      | Noticed an ogre
  2198 | D:4      | Killed an ogre
  2198 | D:4      | Reached skill level 5 in Armour
  2643 | D:4      | Acquired Trog's third power
  2680 | D:4      | Reached XP level 7. HP: 59/61 MP: 3/3
  2902 | D:4      | Found an ancient bone altar of Kikubaaqudgha.
  2957 | D:5      | Entered Level 5 of the Dungeon
  3018 | D:5      | Noticed Menkaure
  3030 | D:5      | Killed Menkaure
  3030 | D:5      | Reached skill level 6 in Maces & Flails
  3240 | D:5      | Found a staircase to the Ecumenical Temple.
  3600 | D:5      | Found a glowing drain.
  3606 | Sewer    | Entered a sewer
  4347 | D:6      | Reached XP level 8. HP: 67/70 MP: 3/3
  4354 | D:6      | Noticed Natasha
  4364 | D:6      | Killed Natasha
  4374 | D:6      | Found a white marble altar of Elyvilon.
  4388 | D:6      | Reached skill level 7 in Armour
  4531 | D:6      | Reached skill level 5 in Dodging
  4765 | D:6      | Noticed Natasha
  4777 | D:6      | Killed Natasha
  4852 | D:6      | Noticed Natasha
  4857 | D:6      | Killed Natasha
  5093 | D:7      | Found a sand-covered staircase.
  5106 | Ossuary  | Entered an ossuary
  5487 | Ossuary  | Reached skill level 8 in Maces & Flails
  5847 | D:7      | Noticed Crazy Yiuf
  5855 | D:7      | Killed Crazy Yiuf
  6148 | D:7      | Found Deoc's Weapon Emporium.
  6295 | D:7      | Reached XP level 9. HP: 63/79 MP: 4/4
  6321 | D:7      | Reached skill level 9 in Maces & Flails
  6693 | D:8      | Noticed Erolcha
  6710 | D:8      | Killed from afar by Erolcha

Action                   |  1- 3 |  4- 6 |  7- 9 || total
-------------------------+-------+-------+-------++-------
Melee: Mace              |    85 |    68 |       ||   153
       Flail             |       |    42 |   391 ||   433
Invok: Berserk           |       |     2 |     6 ||     8
  Use: Scroll            |       |       |    17 ||    17
 Stab: Distracted        |       |       |     1 ||     1
